WIN
TAMPA BAY (WIN) RAYS @ CINCINNATI (WIN) REDS
12/14/2049
 
TOP OF THE 1ST
Tampa Bay (WIN) Rays batting - Pitching for Cincinnati (WIN) Reds : LHP Edwin Pacheco
Pitching: LHP Edwin Pacheco
Batting: LHB Eric Toney 0-0: Ball
1-0: SINGLE (Line Drive, 78S, EV 107.5 MPH)
Batting: SHB Luis Verduzco 0-0: Ball
1-0: Foul Ball, location: 2F
1-1: Ball
2-1: Called Strike
2-2: Strikes out swinging
Batting: LHB Darryl Gonnella 0-0: Ball
1-0: Ball
2-0: Called Strike
2-1: Foul Ball, location: 3F
2-2: Ball
3-2: Fielders Choice at 2nd, 1-4 (Groundball, 15S, EV 62.5 MPH)
Batting: RHB Alex Diaz 0-0: Called Strike
0-1: Foul Ball, location: 25FF
0-2: Ball
1-2: Ball
2-2: Foul Ball, location: 9LMF
2-2: Ball
3-2: Ground out 5-3 (Groundball, 56S, EV 85.6 MPH)
Top of the 1st over - 0 runs, 1 hit, 0 errors, 1 left on base; Tampa Bay (WIN) 0 - Cincinnati (WIN) 0
BOTTOM OF THE 1ST
Cincinnati (WIN) Reds batting - Pitching for Tampa Bay (WIN) Rays : RHP Eric Smith
Pitching: RHP Eric Smith
Batting: RHB Bill Murray 0-0: Ball
1-0: Foul Ball, location: 9LDF
1-1: Ball
2-1: Ball
3-1: Base on Balls
Batting: RHB Logan Johnson 0-0: Ball
1-0: Called Strike
1-1: Foul Ball, location: 2F
1-2: Foul Ball, location: 2F
1-2: Foul Ball, location: 9LSF
1-2: Ball
2-2: Foul Ball, location: 23FF
2-2: Fly out, F7 (Line Drive, 7, EV 105.6 MPH)
Batting: LHB Jamie Spangenberg 0-0: Reached on error, E4 (Groundball, 34, EV 98.8 MPH)
Bill Murray to second
Batting: RHB Mike Alm 0-0: Foul Ball, location: 2F
0-1: Fielders Choice at 2nd, 3-6 (Groundball, 34, EV 80.0 MPH)
Bill Murray to third
Batting: RHB Matt Moffat 0-0: Ball
1-0: Ball
2-0: Swinging Strike
2-1: Called Strike
2-2: Ball
3-2: Base on Balls
Mike Alm to second
Batting: RHB Solange Le Coq 0-0: Called Strike
0-1: Called Strike
0-2: Ball
1-2: Strikes out swinging
Bottom of the 1st over - 0 runs, 0 hits, 1 error, 3 left on base; Tampa Bay (WIN) 0 - Cincinnati (WIN) 0
TOP OF THE 2ND
Tampa Bay (WIN) Rays batting - Pitching for Cincinnati (WIN) Reds : LHP Edwin Pacheco
Batting: RHB Alex Zamora 0-0: Ball
1-0: Swinging Strike
1-1: Ball
2-1: Foul Ball, location: 9LSF
2-2: Strikes out swinging
Batting: RHB Sesto Carpini 0-0: Ball
1-0: Called Strike
1-1: Foul Ball, location: 2F
1-2: Ball
2-2: Ground out 3-1 (Groundball, 34S, EV 89.4 MPH)
Batting: RHB James Huddleston 0-0: Ball
1-0: Fly out, F9 (Flyball, 9LM, EV 105.6 MPH)
Top of the 2nd over - 0 runs, 0 hits, 0 errors, 0 left on base; Tampa Bay (WIN) 0 - Cincinnati (WIN) 0
BOTTOM OF THE 2ND
Cincinnati (WIN) Reds batting - Pitching for Tampa Bay (WIN) Rays : RHP Eric Smith
Batting: RHB Juan Zamora 0-0: Ball
1-0: Ball
2-0: Ball
3-0: Base on Balls
Batting: LHB Keith Egan 0-0: Ball
1-0: Swinging Strike
1-1: Bunted foul
1-2: Foul Ball, location: 7LMF
1-2: SINGLE (Groundball, 34D, EV 102.5 MPH)
Juan Zamora to second
Runner from 2nd tries for 3rd, SAFE, throw by RF made at trailing runner, OUT! 9-6
Batting: RHB Gabriel Arias 0-0: Ball
1-0: Swinging Strike
1-1: Swinging Strike
1-2: Foul Ball, location: 9LSF
1-2: Strikes out swinging
Batting: RHB Bill Murray 0-0: Swinging Strike
0-1: Ball
1-1: Swinging Strike
1-2: Strikes out looking and he ARGUES THE CALL AND IS TOSSED!
Bottom of the 2nd over - 0 runs, 1 hit, 0 errors, 1 left on base; Tampa Bay (WIN) 0 - Cincinnati (WIN) 0
TOP OF THE 3RD
Tampa Bay (WIN) Rays batting - Pitching for Cincinnati (WIN) Reds : LHP Edwin Pacheco
Now in RF: Dan Allred
Batting: RHB Roberto Aispuro 0-0: Ball
1-0: Foul Ball, location: 2LF
1-1: Fly out, F8 (Flyball, 89S, EV 91.9 MPH)
Batting: RHB Tim Dower 0-0: Swinging Strike
0-1: Ball
1-1: Foul Ball, location: 3F
1-2: Ground out 5-3 (Groundball, 56S, EV 89.4 MPH)
Batting: LHB Eric Toney 0-0: Called Strike
0-1: SINGLE (Line Drive, 5D, EV 106.3 MPH)
Batting: SHB Luis Verduzco 0-0: Ball
1-0: 2-RUN HOME RUN (Flyball, 9LD, EV 91.9 MPH), Distance : 333 ft
Batting: LHB Darryl Gonnella 0-0: Ground out 5-3 (Groundball, 56, EV 86.9 MPH)
Top of the 3rd over - 2 runs, 2 hits, 0 errors, 0 left on base; Tampa Bay (WIN) 2 - Cincinnati (WIN) 0
BOTTOM OF THE 3RD
Cincinnati (WIN) Reds batting - Pitching for Tampa Bay (WIN) Rays : RHP Eric Smith
Batting: RHB Logan Johnson 0-0: Ball
1-0: Ball
2-0: Called Strike
2-1: Foul Ball, location: 7LDF
2-2: Ball
3-2: Base on Balls
Batting: LHB Jamie Spangenberg 0-0: Foul Ball, location: 7LSF
0-1: Called Strike
0-2: Foul Ball, location: 5F
0-2: Ball
1-2: Ball
2-2: Ball
3-2: Grounds out, U3 (Groundball, 3L, EV 87.5 MPH)
Batting: RHB Mike Alm 0-0: Called Strike
0-1: Swinging Strike
0-2: Strikes out swinging
Batting: RHB Matt Moffat 0-0: Called Strike
0-1: Ball
1-1: Ball
2-1: Foul Ball, location: 2F
2-2: Ball
3-2: Fly out, F9 (Flyball, 9S, EV 81.9 MPH)
Bottom of the 3rd over - 0 runs, 0 hits, 0 errors, 1 left on base; Tampa Bay (WIN) 2 - Cincinnati (WIN) 0
TOP OF THE 4TH
Tampa Bay (WIN) Rays batting - Pitching for Cincinnati (WIN) Reds : LHP Edwin Pacheco
Batting: RHB Alex Diaz 0-0: SOLO HOME RUN (Line Drive, 8RXD, EV 105.0 MPH), Distance : 418 ft
Batting: RHB Alex Zamora 0-0: Called Strike
0-1: Ball
1-1: Foul Ball, location: 9LMF
1-2: Foul Ball, location: 9LMF
1-2: Ball
2-2: Foul Ball, location: 3FF
2-2: Ball
3-2: Strikes out looking
Batting: RHB Sesto Carpini 0-0: Swinging Strike
0-1: Called Strike
0-2: Ball
1-2: Foul Ball, location: 25F
1-2: Ground out 1-3 (Groundball, 13, EV 76.9 MPH)
Batting: RHB James Huddleston 0-0: Called Strike
0-1: Called Strike
0-2: Foul Ball, location: 2RF
0-2: Ball
1-2: Foul Ball, location: 7LMF
1-2: Ball
2-2: Foul Ball, location: 3FF
2-2: Foul Ball, location: 2F
2-2: Fly out, F9 (Flyball, 9LM, EV 88.1 MPH)
Top of the 4th over - 1 run, 1 hit, 0 errors, 0 left on base; Tampa Bay (WIN) 3 - Cincinnati (WIN) 0
BOTTOM OF THE 4TH
Cincinnati (WIN) Reds batting - Pitching for Tampa Bay (WIN) Rays : RHP Eric Smith
Batting: RHB Solange Le Coq 0-0: Ball
1-0: Ball
2-0: Fly out, F7 (Line Drive, 7, EV 97.5 MPH)
Batting: RHB Juan Zamora 0-0: Foul Ball, location: 2F
0-1: Called Strike
0-2: Ball
1-2: Foul Ball, location: 5FF
1-2: SINGLE (Line Drive, 4MD, EV 93.8 MPH)
Pitching: RHP Dave Navarro
Batting: LHB Keith Egan 0-0: Ball
1-0: Ball
2-0: Fly out, F8 (Flyball, 8LXD, EV 106.9 MPH)
Batting: RHB Gabriel Arias 0-0: Foul Ball, location: 5DF
0-1: Swinging Strike
0-2: Ball
1-2: Ball
2-2: Foul Ball, location: 2RF
2-2: Foul Ball, location: 2F
2-2: Foul Ball, location: 25F
2-2: Strikes out swinging
Bottom of the 4th over - 0 runs, 1 hit, 0 errors, 1 left on base; Tampa Bay (WIN) 3 - Cincinnati (WIN) 0
TOP OF THE 5TH
Tampa Bay (WIN) Rays batting - Pitching for Cincinnati (WIN) Reds : LHP Edwin Pacheco
Batting: RHB Roberto Aispuro 0-0: Ball
1-0: Ball
2-0: Called Strike
2-1: Foul Ball, location: 5DF
2-2: Strikes out swinging
Batting: RHB Tim Dower 0-0: Called Strike
0-1: Swinging Strike
0-2: Ball
1-2: Ball
2-2: Ground out 2-3 (Groundball, 2L, EV 70.0 MPH)
Batting: LHB Eric Toney 0-0: Ball
1-0: Fly out, F9 (Flyball, 89S, EV 82.5 MPH)
Top of the 5th over - 0 runs, 0 hits, 0 errors, 0 left on base; Tampa Bay (WIN) 3 - Cincinnati (WIN) 0
BOTTOM OF THE 5TH
Cincinnati (WIN) Reds batting - Pitching for Tampa Bay (WIN) Rays : RHP Dave Navarro
Batting: RHB Dan Allred 0-0: Fly out, F8 (Line Drive, 8LM, EV 90.6 MPH)
Batting: RHB Logan Johnson 0-0: Called Strike
0-1: Ball
1-1: Ball
2-1: Ball
3-1: Called Strike
3-2: Foul Ball, location: 2F
3-2: SINGLE (Groundball, 3D, EV 99.4 MPH)
Batting: LHB Jamie Spangenberg 0-0: Ball
1-0: SINGLE (Groundball, 34D, EV 96.9 MPH)
Logan Johnson to second
Throwing error, E9
Logan Johnson scores
Jamie Spangenberg to second
Batting: RHB Mike Alm 0-0: Ball
1-0: Called Strike
1-1: Swinging Strike
1-2: Hit by Pitch
Batting: RHB Matt Moffat 0-0: Called Strike
0-1: Called Strike
0-2: Ball
1-2: Strikes out swinging
Batting: RHB Solange Le Coq 0-0: 3-RUN HOME RUN (Flyball, 7D, EV 93.8 MPH), Distance : 363 ft
Pitching: RHP David Espinosa
Batting: RHB Juan Zamora 0-0: Ball
1-0: Called Strike
1-1: Ball
2-1: Foul Ball, location: 3F
2-2: Foul Ball, location: 3DF
2-2: Ball
3-2: Foul Ball, location: 2F
3-2: Foul Ball, location: 5DF
3-2: Strikes out swinging
Bottom of the 5th over - 4 runs, 3 hits, 1 error, 0 left on base; Tampa Bay (WIN) 3 - Cincinnati (WIN) 4
TOP OF THE 6TH
Tampa Bay (WIN) Rays batting - Pitching for Cincinnati (WIN) Reds : LHP Edwin Pacheco
Batting: SHB Luis Verduzco 0-0: Called Strike
0-1: Called Strike
0-2: Ball
1-2: Fly out, F9 (Flyball, 89M, EV 85.6 MPH)
Batting: LHB Darryl Gonnella 0-0: Ball
1-0: Ball
2-0: Fly out, F8 (Flyball, 8LM, EV 93.8 MPH)
Batting: RHB Alex Diaz 0-0: Ball
1-0: Foul Ball, location: 2F
1-1: Swinging Strike
1-2: Ball
2-2: Foul Ball, location: 2F
2-2: Strikes out swinging
Top of the 6th over - 0 runs, 0 hits, 0 errors, 0 left on base; Tampa Bay (WIN) 3 - Cincinnati (WIN) 4
BOTTOM OF THE 6TH
Cincinnati (WIN) Reds batting - Pitching for Tampa Bay (WIN) Rays : RHP David Espinosa
Batting: LHB Keith Egan 0-0: Ground out 4-3 (Groundball, 4, EV 104.4 MPH)
Batting: RHB Gabriel Arias 0-0: Ball
1-0: Foul Ball, location: 9LDF
1-1: Swinging Strike
1-2: Strikes out swinging
Batting: RHB Dan Allred 0-0: Called Strike
0-1: Reached on error, E5 (Groundball, 56, EV 82.5 MPH)
Batting: RHB Logan Johnson 0-0: Ball
1-0: Called Strike
1-1: Called Strike
1-2: Foul Ball, location: 2F
1-2: Ball
2-2: Ball
3-2: Ground out 5-3 (Groundball, 5, EV 88.8 MPH)
Bottom of the 6th over - 0 runs, 0 hits, 1 error, 1 left on base; Tampa Bay (WIN) 3 - Cincinnati (WIN) 4
TOP OF THE 7TH
Tampa Bay (WIN) Rays batting - Pitching for Cincinnati (WIN) Reds : LHP Edwin Pacheco
Pitching: RHP Justin Ambrose
Batting: RHB Alex Zamora 0-0: Ball
1-0: Called Strike
1-1: Swinging Strike
1-2: Strikes out swinging
Batting: RHB Sesto Carpini 0-0: Foul Ball, location: 3SF
0-1: Ball
1-1: Ball
2-1: Ball
3-1: Foul Ball, location: 2F
3-2: Base on Balls
Batting: RHB James Huddleston 0-0: Called Strike
0-1: Ball
1-1: Called Strike
1-2: SINGLE (Groundball, 34D, EV 103.1 MPH)
Sesto Carpini to second
Runner from 2nd tries for 3rd, SAFE, throw by RF made to third
Batting: RHB Roberto Aispuro 0-0: Called Strike
0-1: Swinging Strike
0-2: Foul Ball, location: 23F
0-2: Ball
1-2: Strikes out swinging
Pinch Hitting: RHB Adam Turpin 0-0: Foul Ball, location: 2LF
0-1: Fly out, F9 (Flyball, 9, EV 82.5 MPH)
Top of the 7th over - 0 runs, 1 hit, 0 errors, 2 left on base; Tampa Bay (WIN) 3 - Cincinnati (WIN) 4
BOTTOM OF THE 7TH
Cincinnati (WIN) Reds batting - Pitching for Tampa Bay (WIN) Rays : RHP David Espinosa
Now in LF: Adam Turpin
Batting: LHB Jamie Spangenberg 0-0: Called Strike
0-1: Foul Ball, location: 2F
0-2: Foul Ball, location: 9LMF
0-2: Strikes out swinging
Batting: RHB Mike Alm 0-0: Swinging Strike
0-1: Foul Ball, location: 2F
0-2: Hit by Pitch
Batting: RHB Matt Moffat 0-0: Ball
1-0: Ball
2-0: Ball
3-0: Base on Balls
Mike Alm to second
Batting: RHB Solange Le Coq 0-0: Foul Ball, location: 5DF
0-1: Foul Ball, location: 9LMF
0-2: Foul Ball, location: 2F
0-2: Ball
1-2: Strikes out swinging
Batting: RHB Juan Zamora 0-0: Fly out, F8 (Flyball, 78S, EV 93.1 MPH)
Bottom of the 7th over - 0 runs, 0 hits, 0 errors, 2 left on base; Tampa Bay (WIN) 3 - Cincinnati (WIN) 4
TOP OF THE 8TH
Tampa Bay (WIN) Rays batting - Pitching for Cincinnati (WIN) Reds : RHP Justin Ambrose
Pitching: LHP Mark Sandoval
Now at 1B: Bobby Lasaguna
Now at 3B: Alex Velasquez
Now in LF: Mike Alm
Batting: LHB Eric Toney 0-0: Called Strike
0-1: Fly out, F7 (Flyball, 7D, EV 110.0 MPH)
Pitching: RHP Giovonni Morgia
Batting: SHB Luis Verduzco 0-0: Swinging Strike
0-1: Ground out 4-3 (Groundball, 34D, EV 94.4 MPH)
Batting: LHB Darryl Gonnella 0-0: Called Strike
0-1: Foul Ball, location: 2F
0-2: Ground out 1-3 (Groundball, 34S, EV 64.4 MPH)
Top of the 8th over - 0 runs, 0 hits, 0 errors, 0 left on base; Tampa Bay (WIN) 3 - Cincinnati (WIN) 4
BOTTOM OF THE 8TH
Cincinnati (WIN) Reds batting - Pitching for Tampa Bay (WIN) Rays : RHP David Espinosa
Batting: RHB Bobby Lasaguna 0-0: Foul Ball, location: 3F
0-1: Ground out 5-3 (Groundball, 5S, EV 66.3 MPH)
Batting: RHB Gabriel Arias 0-0: Ball
1-0: Fly out, F4 (Line Drive, 4M, EV 68.1 MPH)
Batting: RHB Dan Allred 0-0: Ground out 5-3 (Groundball, 5, EV 87.5 MPH)
Bottom of the 8th over - 0 runs, 0 hits, 0 errors, 0 left on base; Tampa Bay (WIN) 3 - Cincinnati (WIN) 4
TOP OF THE 9TH
Tampa Bay (WIN) Rays batting - Pitching for Cincinnati (WIN) Reds : RHP Giovonni Morgia
Pitching: RHP Dave Kurtz
Batting: RHB Alex Diaz 0-0: Called Strike
0-1: Foul Ball, location: 25FF
0-2: Ball
1-2: Ball
2-2: Strikes out swinging
Batting: RHB Alex Zamora 0-0: Foul Ball, location: 5SF
0-1: Swinging Strike
0-2: Strikes out swinging
Batting: RHB Sesto Carpini 0-0: Foul Ball, location: 2F
0-1: Foul Ball, location: 2F
0-2: Ball
1-2: Fly out, F9 (Flyball, 89M, EV 85.0 MPH)
Top of the 9th over - 0 runs, 0 hits, 0 errors, 0 left on base; Tampa Bay (WIN) 3 - Cincinnati (WIN) 4
Sunday, July 16th , 2023 - OOTP Baseball 24.6 Build 69